 Dungeon Crawl Stone Soup version 0.21.1-1-g345015f (console) character file.

128 tminei the Chopper (level 4, -2/67 HPs)
             Began as a Troll Berserker on July 17, 2018.
             Was a Believer of Trog.
             Engulfed by a cloud of flame (7 damage)
             ... on level 2 of the Dungeon.
             The game lasted 00:08:01 (1259 turns).

tminei the Chopper (Troll Berserker)                Turns: 1259, Time: 00:08:02

Health: -2/67      AC:  5    Str: 34    XL:     4   Next: 86%
Magic:  3/3        EV: 16    Int:  3    God:    Trog [**....]
Gold:   73         SH:  0    Dex: 14    Spells: 3/3 levels left

rFire    . . .     SeeInvis .   a - +1 hand axe
rCold    . . .     Gourm    +   (no shield)
rNeg     . . .     Faith    .   b - +0 animal skin
rPois    .         Spirit   .   (helmet restricted)
rElec    .         Reflect  .   (no cloak)
rCorr    .         Harm     .   (gloves unavailable)
MR       .....                  (boots unavailable)
Stlth    ..........             (no amulet)
HPRegen  0.61/turn              j - +3 ring of strength
MPRegen  0.08/turn              (no ring)

@: agile, berserking, very quick
A: large, unfitting armour, claws 3, fast metabolism 3, gourmand, regeneration
1, shaggy fur 1, tough skin 2
a: Berserk, Trog's Hand, Burn Spellbooks, Renounce Religion


You were on level 2 of the Dungeon.
You worshipped Trog.
Trog was pleased with you.
You were not hungry.

You visited 1 branch of the dungeon, and saw 2 of its levels.

You collected 73 gold pieces.

Inventory:

Hand Weapons
 a - a +1 hand axe (weapon)
Missiles
 g - 11 arrows
Armour
 b - a +0 animal skin (worn)
Jewellery
 j - a +3 ring of strength (left claw)
Potions
 d - a potion of lignification
Comestibles
 c - 2 rations
 n - 4 chunks of flesh


   Skills:
 + Level 3.1 Fighting
 + Level 3.4 Axes
 + Level 3.3 Dodging
 + Level 0.1 Stealth


You had 3 spell levels left.
You didn't know any spells.

Dungeon Overview and Level Annotations

Branches:
Dungeon (2/15)

Altars:
Hepliaklqana
Xom


Innate Abilities, Weirdness & Mutations

You are too large for most types of armour.
You have claws for hands.
Your metabolism is lightning-fast.
You like to eat raw meat.
Your natural rate of healing is unusually fast.
You are covered in fur. (AC +1)
You have very tough skin. (AC +2)


Message History

The ogre is heavily wounded.
You barely miss the ogre.
The ogre is heavily wounded.
The ogre misses you.
You slash the ogre!
The ogre is almost dead.
The ogre hits you with a giant spiked club.
You take 5 damage, and have 19/54 hp.
You slash the ogre!
The ogre explodes!
The fiery explosion engulfs you!
* * * LOW HITPOINT WARNING * * *
The fiery explosion engulfs the rat.
The rat explodes!
Trog accepts your kill. x2
Your Fighting skill increases to level 3!
Your Axes skill increases to level 3!
You have reached level 4!
You are engulfed in blazing flames.
You die...

ЇЇЇ ЇЇЇ
ЇЇЇЇЇ.ЇЇЇЇЇЇЇЇЇЇЇ.Ї
.ЇЇ...Ї...))....@§Ї
.ЇЇ.Ї<Ї.ЇЇЇЇЇЇЇЇЇ§Ї
.ЇЇ.ЇЇЇ.Ї Ї§ЇЇЇЇЇЇЇ
......Ї.Ї
Ї§§.....ЇЇЇ.ЇЇ
ЇЇЇ.Ї.Ї.Ї
ЇЇЇЇЇЇЇ......Ї
Ї.Ї.Ї.Ї Ї......Ї
Ї.Ї.Ї.Ї Ї........
Ї.Ї.Ї.Ї Ї........
ЇЇЇ.Ї.Ї.ЇЇЇЇЇЇЇЇЇ
Їr....$..
....Ї.Ї.Ї.......Ї
Ї.ЇЇЇ....
ЇЇЇЇЇ.Ї.Ї.......Ї
...


ЇЇЇЇ There were no monsters in sight!

Vanquished Creatures
  An ogre (D:2)
  An adder (D:2)
  A worm (D:2)
  A dart slug (D:1)
  2 leopard geckos (D:1)
  6 bats
  2 giant cockroaches (D:1)
  4 goblins
  2 hobgoblins (D:1)
  2 jackals (D:2)
  3 frilled lizards (D:1)
  2 kobolds (D:1)
  5 rats
32 creatures vanquished.

Notes
Turn   | Place    | Note
-------+----------+-------------------------------------------
     0 | D:1      | tminei the Troll Berserker began the quest for the Orb.
     0 | D:1      | Reached XP level 1. HP: 22/22 MP: 0/0
   295 | D:1      | Reached XP level 2. HP: 22/29 MP: 1/1
   853 | D:2      | Reached ** piety under Trog
   853 | D:2      | Reached XP level 3. HP: 7/36 MP: 2/2
  1080 | D:2      | Found a hazy altar of Hepliaklqana.
  1082 | D:2      | Found a shimmering altar of Xom.
  1082 | D:2      | Noticed a hungry ghost
  1083 | D:2      | Noticed a hungry ghost
  1083 | D:2      | Noticed a spectral ugly thing
  1234 | D:2      | Noticed an ogre
  1259 | D:2      | Killed an ogre
  1259 | D:2      | Reached XP level 4. HP: 5/45 MP: 3/3
  1259 | D:2      | Engulfed by a cloud of flame

Skill      XL: |  1  2  3 |
---------------+----------+-----
Dodging        | 3 |  3.3
Fighting       | 3 |  3.1
Axes           | 3 |  3.4
Stealth        | |  0.1

Action                   |  1- 3 |  4- 6 || total
-------------------------+-------+-------++-------
Melee: Hand axe          |   114 |       ||   114
Invok: Berserk           |     1 |       ||     1
  Use: Scroll            |     5 |       ||     5
       Potion            |     2 |       ||     2
  Eat: Chunk             |    10 |       ||    10
Armor: Animal skin       |    89 |       ||    89
Dodge: Dodged            |    87 |       ||    87
